Map: Ley Lines

Players

CheckMate - Winner!

  • Race: Zerg Zerg
  • League: Diamond
  • Spawn Location: 1:00

JQuerry

  • Race: Protoss Protoss
  • League: Master
  • Spawn Location: 7:00

VOD

Have the link to the VOD?

Description

Time

  • Played on: Feb. 27, 2025, 9:28 p.m.
  • Length: 4:20
Show
View Real Time Build Order
Export as new Build Order

CheckMate Zerg - Winner!

Build Orders: Pool First 

Get SALT Encoding   

  12  0:02  Drone  
  13  0:08  Drone  
  14  0:17  Overlord  
  14  0:34  Spawning Pool  
  13  0:36  Drone  
  13  0:41  Drone  
  15  0:46  Drone  
  16  0:59  Drone  
  16  1:00  Drone  
  18  1:20  Hatchery  
  18  1:24  Zergling x2  
  18  1:25  Zergling x2  
  19  1:33  Zergling x2  
  20  1:41  Zergling x2  
  21  1:52  Zergling x2  
  22  2:00  Hatchery  
  21  2:03  Spine Crawler  
  21  2:06  Hatchery  
  20  2:09  Spine Crawler  
  20  2:11  Zergling x2  
  21  2:21  Zergling x2  
  22  2:37  Spine Crawler  
  22  2:40  Spine Crawler  
  22  2:41  Queen  
  22  2:48  Zergling x4  
  23  2:53  Drone x2  
  23  2:54  Drone  
  26  3:07  Zergling x2  
  26  3:12  Zergling x2  
Show
View Real Time Build Order
Export as new Build Order

JQuerry Protoss 

Build Orders:  

Get SALT Encoding   

  12  0:01  Probe  
  13  0:13  Probe  
  14  0:18  Pylon  
  14  0:25  Probe  
  15  0:37  Probe  
  15  0:39  Gateway  
  16  0:49  Probe  
  17  0:51  Assimilator  
  17  1:02  Pylon  
  17  1:05  Probe  
  18  1:17  Probe  
  19  1:26  Cybernetics Core  
  19  1:28  Gateway  
  19  1:32  Probe  
  20  1:42  Assimilator  
  20  1:44  Probe  
  21  1:49  Pylon  
  21  1:55  Adept  
  21  1:56  Probe  
  24  2:16  Adept  
  24  2:21  Forge  
  24  2:22  Probe  
  27  2:53  Probe  
  28  2:59  Photon Cannon  
  28  3:03  Photon Cannon  
  26  3:08  Gateway  
Tags
 
Matchup
PvZ
Opening
Pool First
Spawn Locations
Cross Positions
Add a new tag
Caveats
  • Supply blocks, unpowered buildings, or Contaminate may cause inaccurate times.
  • Supply counts are checked every 10 seconds.